Map: Dreamcatcher LE

Players

hairEeE

  • Race: Terran Terran
  • League: Diamond
  • Spawn Location: 11:00

Sly - Winner!

  • Race: Zerg Zerg
  • League: Diamond
  • Spawn Location: 5:00

VOD

Have the link to the VOD?

Description

Time

  • Played on: Oct. 1, 2018, 8:37 p.m.
  • Length: 20:40
Show
View Real Time Build Order
Export as new Build Order

hairEeE Terran 

Build Orders: Mech 

Get SALT Encoding   

  12  0:01  SCV  
  13  0:13  SCV  
  14  0:18  Supply Depot  
  14  0:25  SCV  
  15  0:40  SCV  
  15  0:42  Barracks  
  16  0:52  SCV  
  17  1:04  SCV  
  18  1:18  SCV  
  19  1:31  Orbital Command  
  19  1:33  Command Center  
  19  1:35  Marine  
  20  1:42  Refinery  
  20  1:44  Refinery  
  20  1:52  Supply Depot  
  20  1:57  SCV  
  21  2:10  SCV  
  21  2:12  Marine  
  23  2:22  SCV  
  24  2:30  Marine  
  24  2:34  SCV  
  26  2:40  Factory  
  26  2:46  SCV  
  26  2:47  Orbital Command  
  27  2:54  Bunker  
  27  2:55  Barracks Tech Lab  
  27  2:58  SCV  
  28  3:10  SCV  
  29  3:14  SCV  
  30  3:22  SCV  
  30  3:26  SCV  
  32  3:27  Starport  
  32  3:30  Supply Depot  
  32  3:32  Siege Tank  
  35  3:34  SCV  
  35  3:38  SCV  
  37  3:42  Barracks Tech Lab  
  37  3:46  SCV  
  38  3:50  SCV, Command Center  
  39  3:58  SCV  
  39  4:00  Refinery  
  39  4:02  SCV  
  41  4:11  SCV  
  42  4:18  SCV  
  42  4:23  SCV  
  42  4:24  Supply Depot  
  44  4:25  Supply Depot, Cloaking Field, Banshee  
  44  4:30  SCV  
  48  4:32  Supply Depot  
  48  4:34  Siege Tank  
  48  4:35  SCV  
  52  4:42  Engineering Bay, SCV  
  53  4:47  SCV  
  53  4:49  Factory  
  54  4:54  SCV  
  54  4:59  SCV  
  56  5:03  Refinery  
  56  5:06  SCV  
  58  5:08  Orbital Command, Banshee  
  59  5:20  Siege Tank  
  62  5:24  SCV x2  
  62  5:25  Factory  
  62  5:26  Missile Turret  
  64  5:31  Missile Turret  
  64  5:34  SCV  
  65  5:36  SCV x2  
  65  5:39  Factory Tech Lab  
  67  5:45  Supply Depot  
  67  5:47  SCV  
  67  5:48  SCV x2  
  70  5:53  Siege Tank  
  73  6:08  SCV x3  
  76  6:14  Siege Tank  
  79  6:20  SCV x2  
  79  6:25  Siege Tank, Factory Reactor  
  85  6:26  Orbital Command  
  85  6:32  SCV  
  85  6:40  SCV  
  85  6:44  SCV  
  87  6:52  SCV  
  89  6:54  SCV  
  89  6:56  SCV  
  89  6:58  Siege Tank, Missile Turret  
  89  6:59  Siege Tank, Missile Turret, Refinery  
  89  7:01  Missile Turret, Supply Depot  
  96  7:04  Sensor Tower, Supply Depot x2, SCV, Refinery  
  96  7:05  Armory, Missile Turret  
  96  7:06  SCV  
  96  7:07  Armory, Factory  
  98  7:13  Factory  
  95  7:33  Siege Tank  
  95  7:34  Siege Tank, Hellion x2  
  105  7:44  Starport Reactor  
  105  7:49  Command Center  
  105  7:50  SCV x2  
  105  7:51  SCV, Command Center  
  105  7:54  Terran Vehicle Weapons Level 1  
  105  8:00  Terran Vehicle And Ship Armor Level 1  
  105  8:02  SCV  
  105  8:03  SCV x2  
  108  8:06  Siege Tank  
  108  8:09  Siege Tank  
  108  8:10  Factory Reactor  
  114  8:14  Supply Depot  
  114  8:15  SCV x2  
  114  8:17  Supply Depot x2  
  114  8:18  Siege Tank, Supply Depot x2  
  119  8:23  Viking  
  121  8:28  Viking  
  121  8:30  Hellion  
  125  8:36  Hellion  
  125  8:38  Missile Turret x2  
  127  8:43  Missile Turret  
  127  8:44  Missile Turret, SCV x3  
  130  8:51  Siege Tank, Hellion x2  
  130  8:52  Siege Tank  
  140  8:56  SCV x3  
  140  9:02  Siege Tank  
  108  9:23  Hellion x3  
  108  9:24  Siege Tank x2  
  113  9:33  Hellion  
  113  9:34  Siege Tank  
  115  9:42  SCV x3  
  115  9:44  Hellion  
  115  9:45  Supply Depot  
  119  9:48  Supply Depot  
  119  9:50  Viking  
  119  9:51  Viking  
  123  9:56  Siege Tank x2  
  129  10:06  Siege Tank, Hellion x3  
  138  10:16  Sensor Tower  
  138  10:28  Siege Tank x2, Viking x2  
  148  10:30  SCV  
  148  10:31  SCV x2  
  151  10:39  Siege Tank  
  154  10:43  SCV x3  
  157  10:51  Refinery  
  157  10:52  Sensor Tower, Missile Turret  
  157  10:55  Missile Turret  
  157  10:56  Missile Turret x2, Hellion  
  157  10:57  Hellion x3  
  165  10:58  Refinery  
  165  11:00  Siege Tank x2  
  165  11:01  Viking  
  171  11:07  Planetary Fortress  
  171  11:11  Siege Tank  
  141  11:25  SCV x3  
  132  11:32  Siege Tank x2  
  137  11:35  Hellion x4  
  137  11:37  SCV x3  
  146  11:43  Siege Tank  
  149  11:49  SCV x3  
  152  11:55  Refinery, Missile Turret x2, SCV  
  152  11:56  Missile Turret  
  152  12:00  Terran Vehicle Weapons Level 2, Terran Vehicle And Ship Armor Level 2  
  153  12:01  SCV x3  
  153  12:06  Siege Tank  
  153  12:07  SCV, Viking  
  162  12:09  Hellion x2  
  162  12:10  Hellion x2  
  162  12:11  Viking  
  162  12:13  SCV  
  173  12:40  Infernal Pre-Igniter  
  173  12:47  Siege Tank x3  
  173  12:48  Hellion x3  
  173  12:49  Hellion  
  190  13:09  Hellion  
  190  13:10  Hellion x3  
  198  13:17  Viking  
  200  13:29  Planetary Fortress  
  198  13:34  Refinery, Missile Turret  
  198  13:35  Missile Turret  
  198  13:36  Missile Turret  
  198  13:37  Missile Turret x3  
  198  13:39  Refinery  
  198  13:40  Sensor Tower  
  198  13:42  SCV x2  
  200  13:58  Factory  
  200  14:01  Starport  
  200  14:02  Factory  
  200  14:10  Factory  
  200  14:45  Factory Tech Lab  
  200  14:52  Starport Reactor, Factory Tech Lab  
  166  15:03  Siege Tank x4  
  154  15:14  Thor  
  160  15:29  Command Center, Terran Vehicle Weapons Level 3  
  160  15:31  Command Center  
  160  15:34  Hellion  
  160  15:35  Siege Tank x2, Thor x2, Hellion x3  
  180  15:36  Factory Reactor  
  186  15:50  Terran Vehicle And Ship Armor Level 3  
  186  15:57  SCV x4  
  190  16:07  Thor  
  190  16:09  SCV x4  
  198  16:30  Viking  
  198  16:31  Viking  
  198  16:32  Thor x2  
  186  16:44  Thor, SCV x4  
  186  16:47  Viking x2  
  199  16:56  SCV  
  200  17:22  Factory  
  200  17:31  Command Center x2  
  200  17:41  Missile Turret  
  200  17:43  Sensor Tower  
  200  17:54  Missile Turret  
  200  17:55  Missile Turret  
  200  18:06  Terran Ship Weapons Level 1  
  183  18:50  Orbital Command x2  
  183  19:08  Siege Tank  
  183  19:09  Siege Tank x4  
  175  19:14  Hellion x5  
  116  19:30  Factory Tech Lab  
  103  19:39  Hellion  
  103  19:40  Thor x3, Hellion x4  
  103  19:41  Siege Tank x2  
  103  19:42  SCV  
  103  19:43  SCV x4  
  123  19:55  SCV x5  
  123  19:57  Thor  
  108  20:08  Hellion x3  
Show
View Real Time Build Order
Export as new Build Order

Sly Zerg - Winner!

Build Orders: Hatch First 

Get SALT Encoding   

  12  0:01  Drone  
  13  0:13  Overlord  
  13  0:18  Drone  
  14  0:32  Drone  
  14  0:33  Drone  
  16  0:52  Hatchery  
  16  0:54  Drone  
  16  0:58  Drone  
  16  1:02  Drone  
  18  1:12  Extractor  
  18  1:18  Spawning Pool  
  16  1:20  Drone  
  16  1:25  Drone  
  18  1:31  Drone  
  19  1:45  Overlord  
  19  2:00  Overlord  
  19  2:04  Queen x2  
  23  2:10  Zergling x4  
  25  2:16  Drone  
  25  2:17  Drone  
  27  2:23  Metabolic Boost  
  27  2:29  Drone  
  28  2:36  Drone x2  
  30  2:53  Hatchery  
  29  3:03  Drone x4  
  33  3:06  Overlord  
  33  3:19  Queen  
  35  3:28  Lair  
  35  3:32  Drone  
  35  3:33  Drone x2  
  38  3:36  Drone x2  
  38  3:37  Drone x2  
  42  3:49  Drone x2  
  42  3:51  Overlord x2  
  44  3:57  Baneling Nest  
  41  4:13  Drone x7  
  41  4:14  Drone  
  49  4:19  Queen x2  
  49  4:22  Overlord  
  53  4:25  Overlord  
  53  4:29  Drone  
  53  4:30  Drone x2  
  56  4:36  Extractor  
  56  4:37  Drone x3  
  58  4:42  Evolution Chamber  
  58  4:44  Extractor  
  58  4:45  Drone x2, Evolution Chamber  
  56  4:46  Drone  
  56  4:50  Queen  
  56  4:52  Zergling x4  
  62  5:06  Zergling x2  
  64  5:07  Zergling x14  
  64  5:11  Drone x2  
  72  5:19  Zerg Melee Weapons Level 1, Zerg Ground Armor Level 1  
  72  5:39  Spore Crawler  
  72  5:42  Spore Crawler  
  70  5:44  Spore Crawler, Drone x2  
  70  5:45  Zergling x2, Drone x3  
  70  5:46  Zergling x10  
  70  5:48  Baneling x2  
  70  5:49  Baneling  
  80  5:50  Centrifical Hooks  
  77  6:11  Drone x4  
  80  6:15  Overlord x4  
  80  6:16  Overlord  
  81  6:21  Hatchery  
  80  6:27  Drone  
  80  6:28  Extractor  
  80  6:30  Drone  
  80  6:31  Overlord x5  
  81  6:49  Queen x2  
  81  6:50  Queen  
  81  6:51  Zergling x10  
  92  6:58  Hatchery  
  91  7:20  Drone x3  
  91  7:21  Hydralisk Den  
  91  7:22  Extractor  
  92  7:23  Drone x3  
  92  7:24  Drone x4  
  92  7:26  Drone x2  
  92  7:28  Drone  
  102  7:50  Zergling x2  
  102  7:51  Zergling x14  
  110  7:55  Queen  
  110  7:57  Hydralisk  
  110  7:58  Hydralisk x3  
  114  8:02  Zerg Ground Armor Level 2, Zerg Melee Weapons Level 2  
  114  8:04  Grooved Spines  
  114  8:05  Hydralisk x7  
  122  8:11  Zergling x2  
  122  8:12  Zergling x2  
  136  8:16  Extractor  
  136  8:17  Drone x3  
  138  8:20  Overlord x2  
  138  8:28  Zergling x6  
  138  8:29  Zergling x6  
  144  8:39  Drone x4  
  144  8:40  Drone  
  149  8:53  Hydralisk x10  
  167  9:05  Zergling x14  
  167  9:06  Zergling x2  
  148  9:16  Muscular Augments  
  140  9:19  Zergling x2  
  140  9:20  Zergling x20  
  145  9:35  Zergling x18  
  130  9:54  Drone x4  
  130  9:57  Extractor  
  130  9:58  Extractor  
  132  10:01  Infestation Pit  
  132  10:05  Drone x3  
  132  10:06  Drone x3  
  137  10:15  Zergling x14  
  137  10:18  Baneling x7  
  137  10:19  Baneling x2  
  144  10:39  Hydralisk, Hive  
  144  10:40  Hydralisk x4  
  144  10:41  Zergling x2  
  144  10:42  Zergling x26  
  168  10:44  Overlord  
  168  10:55  Hatchery  
  167  11:04  Zergling x24  
  164  11:05  Zergling x8  
  170  11:15  Zergling x2  
  170  11:16  Zergling x14  
  140  11:32  Zergling x4  
  138  11:33  Zergling x14  
  124  12:06  Drone x5  
  129  12:17  Ultralisk Cavern  
  128  12:27  Zergling x10  
  128  12:28  Zergling x44  
  155  12:30  Zergling x2  
  155  12:35  Zerg Ground Armor Level 3, Zerg Melee Weapons Level 3  
  156  12:39  Baneling x3  
  156  12:40  Baneling x7, Hydralisk x2  
  156  12:41  Hydralisk x6  
  156  12:43  Hydralisk x3  
  176  12:48  Adrenal Glands  
  178  12:56  Viper x3  
  178  12:57  Viper  
  190  13:00  Overlord x2  
  165  13:30  Ultralisk x4  
  165  13:31  Ultralisk  
  195  13:34  Chitinous Plating  
  195  13:45  Baneling x3  
  195  13:46  Baneling x2  
  195  13:50  Zergling x10  
  200  13:57  Extractor  
  200  13:59  Extractor  
  187  14:53  Zergling x2  
  187  14:54  Zergling x30  
  187  14:55  Zergling x2  
  154  15:13  Ultralisk x6  
  154  15:14  Ultralisk x2  
  190  15:16  Zergling x12  
  190  15:17  Zergling x8  
  200  15:40  Zerg Missile Weapons Level 1  
  135  16:43  Zergling x14  
  135  16:44  Zergling x52  
  141  17:00  Zergling x12  
  147  17:27  Hatchery  
  146  17:31  Hydralisk  
  146  17:32  Hydralisk x6  
  146  17:33  Hydralisk x4  
  174  17:37  Ultralisk x5  
  198  17:49  Zerg Missile Weapons Level 2  
  161  18:34  Zergling x24  
  137  18:35  Zergling x56  
  176  18:44  Hydralisk x3  
  162  19:12  Zergling x12  
  162  19:13  Zergling x32  
  172  19:21  Hydralisk  
  172  19:22  Hydralisk x11  
  189  19:36  Hydralisk x6  
  195  19:43  Zergling x2  
  195  19:44  Zergling x8  
  193  19:53  Hydralisk  
Tags
 
Composition
Mech
Matchup
TvZ
Spawn Locations
Cross Positions
Add a new tag
Caveats
  • Supply blocks, unpowered buildings, or Contaminate may cause inaccurate times.
  • Supply counts are checked every 10 seconds.